 Dungeon Crawl Stone Soup version 0.19-a0-1654-g9d3f708 (webtiles) character file.

101 st0uf the Grave Robber (level 4, -4/24 HPs)
             Began as a Deep Elf Necromancer on Sept 20, 2016.
             Slain by Sigmund
             ... wielding a +0 scythe
              (17 damage)
             ... on level 3 of the Dungeon.
             The game lasted 00:10:21 (2795 turns).

st0uf the Grave Robber (Deep Elf Necromancer)       Turns: 2795, Time: 00:10:21

Health: -4/24      AC:  2    Str:  5    XL:     4   Next: 48%
Magic:  5/12       EV: 13    Int: 21    God:
Gold:   173        SH:  0    Dex: 15    Spells: 3 memorised, 3 levels left

rFire  + . .     SeeInvis .     (no weapon)
rCold  . . .     Gourm    .     a - +0 robe
rNeg   . . .     Faith    .     (no shield)
rPois  .         Spirit   .     (no helmet)
rElec  .         Dismiss  .     (no cloak)
rCorr  .         Reflect  .     (no gloves)
MR     .....     Harm     .     (no boots)
Stlth  ++........               (no amulet)
                                (no ring)
                                j - ring of protection from fire

@: no status effects
A: no striking features
a: no special abilities


You were on level 3 of the Dungeon.
You were very hungry.

You visited 1 branch of the dungeon, and saw 3 of its levels.

You collected 173 gold pieces.

Inventory:

Armour
 a - a +0 robe (worn)
 i - a +0 buckler
Jewellery
 f - an uncursed ring of ice
 j - a ring of protection from fire (left hand)
 s - an uncursed ring of positive energy {unknown}
Scrolls
 e - a scroll of teleportation {unknown}
 h - a scroll of remove curse {unknown}
 o - a scroll of fog {unknown}
 r - a scroll of fear {unknown}
 u - a scroll of enchant weapon {unknown}
Potions
 d - a potion of invisibility {unknown}
 g - 2 potions of degeneration {unknown}
 k - a potion of mutation {unknown}
 l - a potion of heal wounds {unknown}
 m - a potion of resistance {unknown}
 n - a potion of might {unknown}
 p - a potion of lignification {unknown}
Books
 b - a book of Necromancy

   Spells                             Type                      Level
   a - Pain                           Necromancy                   1
   b - Animate Skeleton               Necromancy                   1
   c - Vampiric Draining              Necromancy                   3
   d - Regeneration                   Charms/Necromancy            3
   e - Animate Dead                   Necromancy                   4
   f - Control Undead                 Necromancy                   4
Comestibles
 c - a bread ration
 q - a slice of pizza
 t - a fruit
 v - a meat ration


   Skills:
 + Level 0.8 Fighting
 + Level 3.3 Dodging
 - Level 2.4 Stealth
 + Level 0.5 Shields
 * Level 4.0 Spellcasting
 * Level 5.8 Necromancy


You had 3 spell levels left.
You knew the following spells:

 Your Spells              Type           Power        Failure   Level  Hunger
a - Pain                  Necr           ####         1%          1    None
b - Vampiric Draining     Necr           ####......   3%          3    ###....
c - Animate Dead          Necr           N/A          14%         4    ####...


Dungeon Overview and Level Annotations

Branches:
Dungeon (3/15)

Altars:
Ashenzari

Annotations:
D:3 Sigmund; st0uf's ghost, amateur DESu


Message History

Found a scroll labeled YNNIWK DAIN.
Casting: Pain
Confirm with . or Enter, or press ? or * to list all spells.
Aiming: Pain
Press: ? - help, Shift-Dir - straight line, f/p - Sigmund
Aim: Sigmund, wielding a scythe and wearing a robe (moderately wounded, fast, chance to defeat MR: 89%) Sigmund writhes in agony!
Sigmund casts a spell at you. The magic dart hits you!
Sigmund laughs darkly.
Sigmund barely misses you.
Casting: Pain
Confirm with . or Enter, or press ? or * to list all spells.
Aiming: Vampiric Draining
Press: ? - help, Shift-Dir - straight line, f/p - Sigmund
Aim: Sigmund, wielding a scythe and wearing a robe (heavily wounded, fast) Sigmund is almost dead.
You feel life coursing into your body. Sigmund hits you with a scythe!
Ouch! That really hurt!
You die...

#..# ...... #..#
..###. ####..#
..... #.<...#
...... #.###.##.
##<.. ##.###....
####
######..........
#.......####...##
#.###..#@......#
#.##@####... #.$
#(# .... ...
##.## ..# .. #...
.# ...# #.?#


You could see Sigmund.

Vanquished Creatures
  A gnoll (D:1)
  2 adders
  An ooze (D:1)
  3 worms (D:2)
  4 dart slugs
  2 leopard geckos (D:2)
  5 bats
  4 giant cockroaches
  7 goblins
  6 hobgoblins
  4 kobolds
  A quokka (D:3)
  2 ball pythons
  5 frilled lizards
  5 rats
52 creatures vanquished.

Notes
Turn   | Place    | Note
-------+----------+-------------------------------------------
     0 | D:1      | st0uf the Deep Elf Necromancer began the quest for the Orb.
     0 | D:1      | Reached XP level 1. HP: 10/10 MP: 6/6
   178 | D:1      | Reached skill level 5 in Necromancy
   178 | D:1      | Reached XP level 2. HP: 2/15 MP: 1/8
  1121 | D:1      | Reached XP level 3. HP: 17/20 MP: 6/10
  1187 | D:1      | Learned a level 3 spell: Vampiric Draining
  1696 | D:2      | Found a shattered altar of Ashenzari.
  1890 | D:2      | Reached XP level 4. HP: 24/24 MP: 9/11
  1942 | D:2      | Learned a level 4 spell: Animate Dead
  2464 | D:3      | Noticed st0uf's ghost (amateur DESu)
  2507 | D:3      | Noticed Sigmund
  2795 | D:3      | Slain by Sigmund

Vault maps used:
D:1:      saegor_arrival_simple_e, minivault_14
D:2:      ashenzari_conservatory_becter
D:3:      amethyst_overflow_temple_binary, first_bread,
          yredelemnul_altar_generic, uniq_sigmund, uniq_terence

Skill      XL: |  1  2  3  4 |
---------------+-------------+-----
Necromancy     | 5 |  5.8
Dodging        | 3 |  3.3
Spellcasting   | 4 |  4.0
Fighting       | |  0.8
Stealth        | |  2.4
Shields        | |  0.5

Action                   |  1- 3 |  4- 6 || total
-------------------------+-------+-------++-------
Melee: Unarmed           |       |     2 ||     2
 Cast: Pain              |    63 |    39 ||   102
       Vampiric Draining |     3 |     1 ||     4
       Animate Dead      |       |     7 ||     7
  Eat: Chunk             |     3 |     3 ||     6
Armor: Robe              |     1 |     2 ||     3
Dodge: Dodged            |     4 |    15 ||    19
